 Dungeon Crawl Stone Soup version 0.23-a0-644-gb60d84b (webtiles) character file.

105 Borgoz the Sneak (level 5, -1/51 HPs)
             Began as a Halfling Assassin on Jan 1, 2019.
             Slain by Natasha (4 damage)
             ... on level 2 of the Dungeon.
             The game lasted 00:03:06 (1431 turns).

Borgoz the Sneak (Halfling Assassin)                Turns: 1431, Time: 00:03:11

Health: -1/51      AC: 22    Str: 12    XL:     5   Next: 8%
Magic:  5/5        EV:  0    Int: 14    God:
Gold:   70         SH:  0    Dex: 17    Spells: 4/4 levels left

rFire    . . .     SeeInvis .   a - +2 dagger
rCold    . . .     Gourm    .   (shield restricted)
rNeg     + + +     Faith    .   (armour currently unavailable)
rPois    +         Spirit   .   (helmet currently unavailable)
rElec    .         Reflect  .   (cloak currently unavailable)
rCorr    .         Harm     .   (gloves currently unavailable)
MR       .....     NoTele   +   (boots currently unavailable)
Stlth    +++.......             (no amulet)
HPRegen  0.17/turn              h - ring of poison resistance
MPRegen  0.09/turn              (no ring)

@: brilliant, tree-form, slowed, constricted, very slow
A: small, mutation resistance 1
a: no special abilities


You were on level 2 of the Dungeon.
You were not hungry.
You were a tree.
You visited 1 branch of the dungeon, and saw 2 of its levels.

You collected 70 gold pieces.

Inventory:

Hand Weapons
 a - a +2 dagger (weapon)
 b - a +0 blowgun
Missiles
 e - 19 poisoned needles
 f - 2 curare-tipped needles
Armour
 c - a +0 robe (melded)
 d - a +0 cloak (melded)
Jewellery
 h - a ring of poison resistance (left branch)
 m - an uncursed amulet of magic regeneration {unknown}
 o - a +4 ring of protection
Wands
 n - a wand of acid (5)
Scrolls
 i - a scroll of amnesia {unknown}
 p - a scroll of teleportation {unknown}
 r - a scroll of remove curse
Potions
 l - a potion of mutation {unknown}
Comestibles
 g - 4 rations
 q - a chunk of flesh


   Skills:
 + Level 2.0 Fighting
 + Level 3.3 Short Blades
 - Level 2.0 Throwing
 + Level 2.0 Dodging
 + Level 6.0 Stealth


You had 4 spell levels left.
You didn't know any spells.
Your spell library was empty.

Dungeon Overview and Level Annotations

Branches:
Dungeon (2/15)

Altars:

Annotations:
D:2 Natasha


Innate Abilities, Weirdness & Mutations

You are small and have problems with some larger weapons.
You are somewhat resistant to further mutation.


Message History

* * * LOW HITPOINT WARNING * * *
It was a potion of lignification.
You turn into a tree.
Your +0 cloak melds into your body.
Your +0 robe melds into your body.
Your roots penetrate the ground.
Natasha looks more healthy.
Natasha completely misses you.
The ball python bites you but does no damage.
The ball python constricts you.
The ball python bites you but does no damage.
The ball python constricts you.
Natasha mumbles some strange words.
Natasha glows brightly for a moment.
Natasha mumbles some strange words.
It was a potion of brilliance.
You feel clever all of a sudden. Natasha casts a spell at you.
The magic dart hits you!
The ball python bites you but does no damage.
* * * LOW HITPOINT WARNING * * *
The ball python constricts you. Natasha claws you.
You die...

#..........# # #.#.##.#
###..........# #.###.#.##'#
#............###..##.#.....
#######..............##.#.....
........#######......##.#.....
....###...)...................
.. ########......#.........
.......#......#.#.##....
......S♣5.....#...##....
....(.h...........###...
........##.#####..######
......... .##.....#.....
......... .##.##..#.###.
.........#.##.##..#.....
......#### #.###.#..##. (.....
#.# #>...)#[
#######.###.##..#.


You could see Natasha, a crimson imp and a ball python.

Vanquished Creatures
  Natasha (D:2)
  A worker ant (D:2)
  A worm (D:2)
  4 dart slugs
  A leopard gecko (D:2)
  A giant cockroach (D:1)
  6 goblins
  3 hobgoblins (D:1)
  5 jackals (D:1)
  5 kobolds
  2 ball pythons
  7 bats
  2 frilled lizards
  6 rats
45 creatures vanquished.

Notes
Turn   | Place    | Note
-------+----------+-------------------------------------------
     0 | D:1      | Borgoz the Halfling Assassin began the quest for the Orb.
     0 | D:1      | Reached XP level 1. HP: 14/14 MP: 1/1
    59 | D:1      | Reached XP level 2. HP: 12/19 MP: 2/2
   206 | D:1      | Reached skill level 5 in Stealth
   370 | D:1      | Reached XP level 3. HP: 23/24 MP: 3/3
   829 | D:2      | Noticed Natasha
  1024 | D:2      | Killed Natasha
  1024 | D:2      | Reached XP level 4. HP: 16/29 MP: 4/4
  1378 | D:2      | Reached XP level 5. HP: 34/34 MP: 5/5
  1384 | D:2      | Reached skill level 6 in Stealth
  1418 | D:2      | Noticed Natasha
  1431 | D:2      | Slain by Natasha

Vault maps used:
D:1:      lemuel_arrival_broad_hall, minivault_23, minmay_misc_feat_diagonals
D:2:      uniq_natasha

Skill      XL: |  1  2  3  4  5 |
---------------+----------------+-----
Stealth        | 5 6 |  6.0
Fighting       | 2 |  2.0
Short Blades   | 3 |  3.3
Dodging        | 2 |  2.0
Throwing       | |  2.0

Action                   |  1- 3 |  4- 6 || total
-------------------------+-------+-------++-------
Melee: Dagger            |    90 |    20 ||   110
       Unarmed           |    18 |     1 ||    19
 Fire: Blowgun           |       |     4 ||     4
  Use: Scroll            |     2 |       ||     2
       Potion            |       |     2 ||     2
 Stab: Sleeping          |    13 |     5 ||    18
       Distracted        |       |     1 ||     1
  Eat: Chunk             |       |     2 ||     2
Armor: Robe              |    17 |     6 ||    23
       Skin              |     4 |     5 ||     9
Dodge: Dodged            |   142 |    18 ||   160

Table legend:
 A = Non-vault XP
 B = Vault XP
 C = Vault XP percentage of total XP
 D = Non-vault monster count
 E = Vault monster count
 F = Vault count percentage of total count
                 A         B        C        D         E       F
            +---------+---------+-------+---------+---------+-------
      Total |     115 |      35 |  23.3 |      44 |       1 |   2.2
            +---------+---------+-------+---------+---------+-------
        D:1 |      56 |       0 |   0.0 |      31 |       0 |   0.0
        D:2 |      59 |      35 |  37.2 |      13 |       1 |   7.1
            +---------+---------+-------+---------+---------+-------
